 Dungeon Crawl Stone Soup version 0.24-a0-584-g9d6b971ae4 (webtiles) character file.

Game seed: 2245014637737456046, levelgen mode: deterministic

2907 Gargoyl the Schismatic (level 9, -2/74 HPs)
             Began as a Centaur Abyssal Knight on Sept 4, 2019.
             Was an Elder of Lugonu.
             Slain by a killer bee (8 damage)
             ... on level 7 of the Dungeon.
             The game lasted 00:08:48 (6739 turns).

Gargoyl the Schismatic (Centaur Abyssal Knight)     Turns: 6739, Time: 00:08:48

Health: -2/74      AC: 19    Str: 16    XL:     9   Next: 49%
Magic:  13/13      EV:  7    Int: 11    God:    Lugonu [****..]
Gold:   267        SH:  0    Dex: 11    Spells: 8/8 levels left

rFire    . . .     SeeInvis .   b - +2 hand axe (elec)
rCold    . . .     Gourm    .   (no shield)
rNeg     . . .     Faith    .   k - +0 scale mail
rPois    .         Spirit   .   g - +2 helmet
rElec    .         Reflect  .   p - +0 cloak
rCorr    .         Harm     .   f - +0 pair of gloves
MR       .....                  o - +1 centaur barding
Stlth    ..........             (no amulet)
HPRegen  0.22/turn              (no ring)
MPRegen  0.13/turn              (no ring)

@: lethally poisoned (-2 -> -3), berserk cooldown, slowed
A: large, hooves 3, deformed body, speed 2, tough skin 3
a: Depart the Abyss, Bend Space, Banish, Corrupt, Renounce Religion


You were on level 7 of the Dungeon.
You worshipped Lugonu.
Lugonu was greatly pleased with you.
You were hungry.

You visited 1 branch of the dungeon, and saw 7 of its levels.
You visited the Abyss 1 time.

You collected 267 gold pieces.

Inventory:

Hand Weapons
 a - a +1 hand axe
 b - a +2 hand axe of electrocution (weapon)
 d - the +5 short sword "Pilangoj" {drain, rPois rC- MR+ Int+4}
   (You found it on level 2 of the Abyss)

   A truly terrible weapon, it drains the life of those it strikes.
   It affects your intelligence (+4).
   It makes you vulnerable to cold.
   It protects you from poison.
   It affects your resistance to hostile enchantments.
Armour
 f - a +0 pair of gloves (worn)
 g - a +2 helmet (worn)
 k - a +0 scale mail (worn)
 o - a +1 centaur barding (worn)
 p - a +0 cloak (worn)
Jewellery
 y - a +4 ring of strength {unknown}
Wands
 v - a wand of flame (22)
Scrolls
 n - 3 scrolls of remove curse
 q - 2 scrolls of fear
 x - 2 scrolls of identify
Potions
 e - a potion of ambrosia
 i - 3 potions of curing {unknown}
 j - 3 potions of heal wounds {unknown}
 l - 2 potions of might {unknown}
 m - a potion of magic {unknown}
 r - a potion of resistance {unknown}
 s - a potion of degeneration {unknown}
 t - a potion of mutation {unknown}
 u - a potion of haste {unknown}
 w - a potion of agility {unknown}
Comestibles
 c - 7 rations


   Skills:
 + Level 5.1 Fighting
 + Level 4.7 Short Blades
 + Level 4.2 Axes
 * Level 5.6 Armour
 * Level 3.9 Dodging
 * Level 6.2 Invocations


You had 8 spell levels left.
You didn't know any spells.
Your spell library contained the following spells:

 Spells                   Type           Power        Failure   Level  Hunger
 Animate Skeleton         Necr           N/A          75%         1    ##.....
 Pain                     Necr           #...         75%         1    ##.....
 Regeneration             Chrm/Necr      #.........   98%         3    ####...
 Vampiric Draining        Necr           #.........   98%         3    ####...
 Animate Dead             Necr           N/A          100%        4    #####..


Dungeon Overview and Level Annotations

Branches:
Dungeon (7/15)             Temple (0/1) D:6

Altars:
Dithmenos
Gozag
Hepliaklqana
Makhleb
Vehumet
Wu Jian

Shops:
D:5 ?


Innate Abilities, Weirdness & Mutations

You have hooves in place of feet.
Armour fits poorly on your strangely shaped body.
You cover ground very quickly.
You have extremely tough skin. (AC +3)


Message History

Lugonu accepts your kill.
The centaur shoots an arrow.
The arrow barely misses you.
You slash the jackal! Lightning courses through the jackal!!
You kill the jackal!
Lugonu accepts your kill.
You are no longer berserk.
You are exhausted.
You feel yourself slow down.
You miss the killer bee. You kick the killer bee.
The killer bee is moderately wounded.
You feel sick. The killer bee barely misses you.
The killer bee stings you but does no damage.
The killer bee stings you.
* * * LOW HITPOINT WARNING * * *
Unknown command.
The killer bee stings you.
* * * LOW HITPOINT WARNING * * *
The killer bee stings you but does no damage.
You feel sick. The killer bee stings you!
You die...

#...#......#..#.... #
#..##...########.##
###.###..##...###########
?...o....o#..).....#.....
...oy...(.(........'.....
##..##..###o####(###..###
######(####.########
#.....c.#....#......
#..@y...#....#......
#.>##.(##...####+### #..
##+##...####.###
#..##...............
....................
#....................
##..###+##.##..###..# ###
##.##.##..####+#
#.....<....#....


You could see a centaur and a killer bee.

Vanquished Creatures
  Eustachio (D:6)
  A sky beast (D:7)
  An orc warrior (D:6)
  3 ice beasts
  The ghost of ruda the Covered, an amateur MiFi (D:3)
  A black bear (D:6)
  3 ogres
  A centaur (D:7)
  A bullfrog (D:6)
  3 scorpions
  A water moccasin skeleton (D:5)
  5 killer bees (D:7)
  5 wights (D:4)
  3 crimson imps
  3 hounds
  5 orc priests
  A jelly (D:6)
  4 bullfrog skeletons
  Crazy Yiuf (D:3)
  4 orc wizards
  Natasha (twice) (D:3)
  3 worker ants
  2 hound zombies
  A hound skeleton (D:5)
  Robin (D:3)
  A howler monkey skeleton (D:7)
  12 adders
  3 oozes
  A worm (D:2)
  2 dart slugs
  2 leopard geckos
  31 orcs
  A ball python (D:2)
  9 giant cockroaches
  16 goblins
  15 hobgoblins
  13 jackals
  11 kobolds
  A quokka (D:5)
  13 bats
  7 frilled lizards
  A giant cockroach zombie (D:6)
  2 jackal skeletons
  A leopard gecko skeleton (D:5)
  8 rats
207 creatures vanquished.

Notes
Turn   | Place    | Note
-------+----------+-------------------------------------------
     0 | Abyss:1  | Gargoyl the Centaur Abyssal Knight began the quest for the
                  | Orb.
     0 | Abyss:1  | Reached XP level 1. HP: 19/19 MP: 2/2
     6 | Abyss:2  | Noticed a large abomination
     7 | Abyss:2  | Noticed an iron imp
    13 | Abyss:2  | Got an ancient short sword
    14 | D:1      | Escaped the Abyss
    15 | D:1      | Identified the +5 short sword "Pilangoj" {drain, rPois rC-
                  | MR+ Int+4} (You found it on level 2 of the Abyss)
    85 | D:1      | Reached * piety under Lugonu
   243 | D:1      | Reached XP level 2. HP: 26/26 MP: 3/3
   703 | D:1      | Reached XP level 3. HP: 30/31 MP: 4/4
  1100 | D:2      | Reached ** piety under Lugonu
  1119 | D:2      | Reached skill level 1 in Dodging
  1196 | D:2      | Reached XP level 4. HP: 40/40 MP: 6/6
  1397 | D:2      | Reached skill level 3 in Invocations
  1552 | D:2      | Reached skill level 1 in Short Blades
  1870 | D:3      | Found an opulent altar of Gozag.
  1966 | D:3      | Reached XP level 5. HP: 44/46 MP: 7/7
  2050 | D:3      | Noticed Robin
  2062 | D:3      | Killed Robin
  2065 | D:3      | Reached *** piety under Lugonu
  2093 | D:3      | Found a runed translucent door.
  2094 | D:3      | Noticed Crazy Yiuf
  2195 | D:3      | Noticed Natasha
  2202 | D:3      | Killed Natasha
  2360 | D:3      | Reached XP level 6. HP: 52/52 MP: 8/8
  2370 | D:3      | Found an ornate altar of the Wu Jian Council.
  2397 | D:3      | Found a large runed translucent door.
  2397 | D:3      | Found a large runed translucent door.
  2404 | D:3      | Noticed ruda's ghost (amateur MiFi)
  2715 | D:3      | Found a hazy altar of Hepliaklqana.
  2814 | D:3      | Killed ruda's ghost
  3071 | D:3      | Killed Crazy Yiuf
  3191 | D:3      | Noticed Natasha
  3194 | D:3      | Killed Natasha
  3393 | D:4      | Reached skill level 4 in Invocations
  3573 | D:4      | Reached XP level 7. HP: 49/59 MP: 10/10
  3577 | D:4      | Reached **** piety under Lugonu
  4231 | D:5      | Entered Level 5 of the Dungeon
  4577 | D:5      | Reached XP level 8. HP: 55/67 MP: 11/11
  4734 | D:5      | Found Tuih's Magic Scroll Boutique.
  4759 | D:5      | Reached skill level 5 in Invocations
  5068 | D:5      | Found a shadowy altar of Dithmenos.
  5388 | D:6      | Noticed Eustachio
  5531 | D:6      | Killed Eustachio
  5582 | D:6      | Reached skill level 5 in Armour
  5609 | D:6      | Reached XP level 9. HP: 25/73 MP: 13/13
  5841 | D:6      | Found a staircase to the Ecumenical Temple.
  5849 | D:6      | Found a radiant altar of Vehumet.
  6112 | D:6      | Found an ornate altar of the Wu Jian Council.
  6267 | D:7      | Reached skill level 5 in Fighting
  6267 | D:7      | Reached skill level 6 in Invocations
  6355 | D:7      | Found a burning altar of Makhleb.
  6739 | D:7      | Slain by a killer bee

Levels and vault maps discovered:
D:1:      moated_graveyard_arrival, layout_loops_ring
D:2:      layout_basic, minmay_heptomino_l4
D:3:      corexii_shack_village, layout_loops_cross, overflow_temple_1_default,
          old_standard_altar, nicolae_overflow_hidden_temple,
          ebering_ghost_disaster_area, uniq_crazy_yiuf_cottage, uniq_natasha,
          uniq_robin
D:4:      layout_rooms, first_ration
D:5:      layout_cave_pools, nicolae_dithmenos_shadow_blocks, serial_shops, shop
D:6:      layout_cave_pools, lemuel_crystal_altar, minmay_temple_entry_trees,
          basic_altar, lemuel_statue_altar, uniq_eustachio
D:7:      layout_gridville, makhleb_heckhound_becter, grunt_qazlal_clouds

Skill      XL: |  1  2  3  4  5  6  7  8  9 |
---------------+----------------------------+-----
Axes           | 2 4 |  4.2
Dodging        | 1 2 3 |  3.9
Invocations    | 3 4 5 6 |  6.2
Short Blades   | 1 2 3 4 |  4.7
Armour         | 2 3 4 5 |  5.6
Fighting       | 4 5 |  5.1

Action                   |  1- 3 |  4- 6 |  7- 9 || total
-------------------------+-------+-------+-------++-------
Melee: Short sword       |    81 |   200 |   132 ||   413
       Kick              |     7 |    34 |    70 ||   111
       Hand axe          |       |       |   147 ||   147
Invok: Depart the Abyss  |     1 |       |       ||     1
  Use: Scroll            |       |     2 |     8 ||    10
       Potion            |       |       |     1 ||     1
  Eat: Chunk             |       |     4 |     4 ||     8
       Ration            |       |     1 |     1 ||     2
Armor: Leather armour    |    25 |       |       ||    25
       Scale mail        |    16 |   125 |   299 ||   440
Dodge: Dodged            |    36 |    71 |   116 ||   223

Table legend:
 A = Non-vault XP
 B = Vault XP
 C = Vault XP percentage of total XP
 D = Non-vault monster count
 E = Vault monster count
 F = Vault count percentage of total count
                 A         B        C        D         E       F
            +---------+---------+-------+---------+---------+-------
      Total |    3635 |     518 |  12.5 |     177 |      30 |  14.5
            +---------+---------+-------+---------+---------+-------
        D:1 |      54 |       0 |   0.0 |      28 |       0 |   0.0
        D:2 |      79 |       5 |   6.0 |      25 |       4 |  13.8
        D:3 |     248 |     251 |  50.3 |      36 |      24 |  40.0
        D:4 |     665 |       0 |   0.0 |      22 |       0 |   0.0
        D:5 |     716 |       0 |   0.0 |      24 |       0 |   0.0
        D:6 |     948 |     217 |  18.6 |      21 |       1 |   4.5
        D:7 |     925 |      45 |   4.6 |      21 |       1 |   4.5
            +---------+---------+-------+---------+---------+-------
